 Dungeon Crawl Stone Soup version 0.31-a0-424-g41b3b0883d (webtiles) character file.

Game seed: 7583320689408905842

4 Grim the Cutter (level 1, -1/18 HPs)
             Began as a Minotaur Gladiator on July 30, 2023.
             Slain by a ball python (2 damage)
             ... on level 1 of the Dungeon.
             The game lasted 00:00:25 (204 turns).

Grim the Cutter (Minotaur Gladiator)                 Turns: 204, Time: 00:00:25

Health: -1/18      AC:  3    Str: 18    XL:     1   Next: 50%
Magic:  0/0        EV:  9    Int:  5    God:
Gold:   0          SH:  0    Dex: 11    Spells: 0/0 levels left

rFire   . . .        a - +0 rapier
rCold   . . .        (no shield)
rNeg    . . .        b - +0 leather armour
rPois   .            c - +0 hat
rElec   .            (no cloak)
rCorr   .            (no gloves)
SInv    .            (no boots)
Will    .....        (no amulet)
Stlth   +            (no ring)
HPRegen 0.23/turn    (no ring)
MPRegen 0.07/turn

%: no passive effects
@: lethally poisoned (-1 -> -3), constricted
A: horns 2, retaliatory headbutt
a: no special abilities


You were on level 1 of the Dungeon.
You visited 1 branch of the dungeon, and saw 1 of its levels.

Inventory:

Hand Weapons
 a - a +0 rapier (weapon)
Missiles
 d - 3 throwing nets (quivered)
 e - a javelin
Armour
 b - a +0 leather armour (worn)
 c - a +0 hat (worn)
Scrolls
 f - a scroll of silence {unknown}


   Skills:
 - Level 2.4 Fighting
 + Level 3.6 Short Blades
 - Level 2.0 Throwing
 - Level 3.2 Dodging


You couldn't memorise any spells.
You didn't know any spells.
Your spell library was empty.

Dungeon Overview and Level Annotations

Branches:
Dungeon (1/15)

Altars:


Innate Abilities, Weirdness & Mutations

You have a pair of horns on your head.
You reflexively headbutt those who attack you in melee.


Message History

A bat comes into view.
A bat is nearby!
The bat barely misses you.
You hit the bat.
You kill the bat!
No target in view!
A kobold and a ball python come into view.
The kobold is wielding a +1 dagger of venom.
The kobold shouts!
There are monsters nearby!
You hit the kobold.
The kobold is moderately wounded.
The kobold hits you with a +1 dagger of venom.
You closely miss the kobold.
The kobold is moderately wounded.
The kobold hits you with a +1 dagger of venom.
You are poisoned.
You hit the kobold but do no damage. Your headbutt misses the kobold.
The kobold is moderately wounded.
You feel very sick. The kobold completely misses you.
You barely miss the kobold.
The kobold is moderately wounded.
You feel sick. The kobold misses you. You furiously retaliate!
You headbutt the kobold!
You kill the kobold!
You closely miss the ball python.
You feel sick. The ball python bites you.
* * * LOW HITPOINT WARNING * * *
The ball python grabs you. The ball python constricts you.
You barely miss the ball python.
You feel sick. The ball python bites you.
* * * LOW HITPOINT WARNING * * *
The ball python constricts you.
You closely miss the ball python.
You feel sick. The ball python bites you.
* * * LOW HITPOINT WARNING * * *
The ball python constricts you. The ball python closely misses you.
The ball python constricts you.
You barely miss the ball python.
* * * LOW HITPOINT WARNING * * *
You feel sick. The ball python bites you.
You die...

#. ## #...###.# .
#...#... ####
....... #<..
#####.#.. ###.
#........ #.# #.
#.......#####.#
##
#........S@.#.#
#.......###.#.#
#.....?.# #.#.#
#.......#
#.#.#####
#.......#
#.#.....#
#.......#
#.#.###.#
#########
#.......#
#.......#########
#......[.........


You could see a ball python.

Vanquished Creatures
  A bat (D:1)
  A ball python (D:1)
  A frilled lizard (D:1)
  2 kobolds (D:1)
5 creatures vanquished.

Notes
Turn   | Place    | Note
-------+----------+-------------------------------------------
     0 | D:1      | Grim the Minotaur Gladiator began the quest for the Orb.
     0 | D:1      | Reached XP level 1. HP: 18/18 MP: 0/0
   204 | D:1      | Slain by a ball python

Illustrated notes

Levels and vault maps discovered:
D:1:      elethiomel_arrival_maze, layout_basic, nicolae_titane

Action                     || total
---------------------------++-------
  Melee: Rapier            ||    18
 Armour: Leather armour    ||     1
  Dodge: Dodged            ||     7

Table legend: (Time is in decaauts)
 A = Elapsed time spent in this place.
 B = Non-inter-level travel time spent in this place.
 C = Inter-level travel time spent in this place.
 D = Time resting spent in this place.
 E = Time spent auto-exploring this place.
 F = Levels seen in this place.
 G = Mean time per level.
                   A        B        C        D        E       F      G
               +--------+--------+--------+--------+--------+-----+--------+
         Total |    204 |    204 |      0 |      0 |    168 |   1 |  204.0 |
       Dungeon |    204 |    204 |      0 |      0 |    168 |   1 |  204.0 |
               +--------+--------+--------+--------+--------+-----+--------+

Top non-repeatable levels by time:
     D:1: 204 daAuts
